 Dungeon Crawl Stone Soup version 0.31-a0-1338-gb567cfdca4 (webtiles) character file.

Game seed: 3489696012294770035

194 jasper the Grave Robber (level 5, -1/35 HPs)
             Began as a Mummy Necromancer on Dec 22, 2023.
             Slain by a cerulean imp
             ... wielding a +2 spear
             ... summoned by Natasha
              (3 damage)
             ... on level 2 of the Dungeon.
             The game lasted 00:02:05 (1371 turns).

jasper the Grave Robber (Mummy Necromancer)         Turns: 1371, Time: 00:02:05

Health: -1/35      AC:  3    Str: 17    XL:     5   Next: 44%
Magic:  9/9        EV: 11    Int: 17    God:
Gold:   80         SH:  0    Dex: 12    Spells: 2/10 levels left

rFire   x . .        b - +1 short sword
rCold   + . .        (no shield)
rNeg    + + +        j - +0 leather armour
rPois   ∞            (no helmet)
rElec   .            (no cloak)
rCorr   .            (no gloves)
SInv    .            (no boots)
Will    .....        (no amulet)
Stlth   +            i - +6 ring of strength
HPRegen 0.25/turn    (no ring)
MPRegen 0.11/turn

%: faith
@: no status effects
A: cold resistance 1, negative energy resistance 3, torment resistance 2, heat
vulnerability 1, in touch with death 1, no potions, faith
a: no special abilities


You were on level 2 of the Dungeon.
You visited 1 branch of the dungeon, and saw 2 of its levels.

You collected 80 gold pieces.

Inventory:

Hand Weapons
 b - a +1 short sword (weapon)
 k - a +0 scythe
Missiles
 c - 3 stones
 h - 5 darts of dispersal
 l - 4 poisoned darts
Armour
 a - a +0 robe
 d - a +0 scale mail
 j - a +0 leather armour (worn)
Jewellery
 i - a +6 ring of strength (left hand)
Scrolls
 e - 2 scrolls of enchant weapon
 f - a scroll of enchant armour
 g - a scroll of identify


   Skills:
 - Level 1.5 Dodging
 - Level 1.5 Stealth
 - Level 3.0 Spellcasting
 + Level 6.7 Necromancy


You had 2 spell levels left.
You knew the following spells:

 Your Spells              Type           Power      Damage    Failure   Level
a - Necrotise             Necr           100%       1d9       1%          1
b - Vampiric Draining     Necr           38%        2d8       4%          3
c - Animate Dead          Necr           38%        N/A       14%         4

Your spell library contained the following spells:

 Spells                   Type           Power      Damage    Failure   Level
 Agony                    Necr           38%        N/A       36%         5


Dungeon Overview and Level Annotations

Branches:
Dungeon (2/15)

Altars:

Annotations:
D:2 Natasha


Innate Abilities, Weirdness & Mutations

You are immune to poison.
Your flesh is cold resistant. (rC+)
You are immune to negative energy. (rN+++)
You are immune to unholy pain and torment.
You are vulnerable to heat. (rF-)
You are in touch with the powers of death.
You do not drink.
You have a special connection with the divine. (Faith)


Message History

Your rat skeleton is destroyed!
You barely miss the worm.
The worm is almost dead.
The cerulean imp barely misses you.
Your rat skeleton bites the worm.
You hit the worm but do no damage.
The worm is almost dead.
The cerulean imp hits you from afar with a +0 spear.
The worm bites you!
Your rat skeleton bites the worm.
The worm dies!
You take 12 damage, and have 13/35 hp.
MASSIVE DAMAGE!!
Natasha casts a spell.
The cerulean imp closely misses you.
You closely miss the cerulean imp.
Your rat skeleton barely misses the cerulean imp.
The cerulean imp misses you.
You swap places.
The cerulean imp hits you but does no damage.
Your rat skeleton closely misses the cerulean imp.
Your rat skeleton crumbles into dust!
The cerulean imp hits you from afar with a +0 spear.
You take 1 damage, and have 13/35 hp.
The cerulean imp closely misses you.
Natasha casts a spell.
The cerulean imp attacks as it pursues you!
The cerulean imp hits you from afar with a +2 spear.
* * * LOW HITPOINT WARNING * * *
The cerulean imp hits you from afar with a +0 spear.
* * * LOW HITPOINT WARNING * * *
You take 8 damage, and have 5/35 hp.
MASSIVE DAMAGE!!
The cerulean imp attacks as it pursues you!
The cerulean imp hits you but does no damage.
Natasha mumbles some strange words.
You feel disoriented.
The cerulean imp attacks as it pursues you!
The cerulean imp hits you from afar with a +2 spear.
* * * LOW HITPOINT WARNING * * *
Something claws the plant.
The plant begins to die.
You take 4 damage, and have 2/35 hp.
The cerulean imp hits you from afar with a +2 spear.
You die...

#####..##### >.♣P....P##
...........# # #P..~~....#
.####..###.# #. #..~~~~~..#
.# #..# #.# #.##.~~~~♣~..#
.####..###.## ....~♣~~~...#
............# ##.P.~~♣~...#
.######.##..# #..♣~~~..P.#
.# #.##..######5..~~..P..#
.# ##.##......@.55.......##
.#####...#.#########hP....##
...<.......# ##...#.#
######...### ##.##.# # ##.##
#.##5# #.# #.##5# #.# #.....
..# ...... ### ####.#


You could see Natasha and 3 cerulean imps.

Vanquished Creatures
  Sigmund (D:2)
  A worm (D:2)
  5 ball pythons (D:1)
  2 endoplasms (D:1)
  2 giant cockroaches
  4 goblins
  3 jackals (D:2)
  3 quokkas
  A bat (D:1)
  3 kobolds
  4 rats
29 creatures vanquished.

Vanquished Creatures (collateral kills)
  A worm (D:2)
1 creature vanquished.

Grand Total: 30 creatures vanquished

Notes
Turn   | Place    | Note
-------+----------+-------------------------------------------
     0 | D:1      | jasper the Mummy Necromancer began the quest for the Orb.
     0 | D:1      | Reached XP level 1. HP: 13/13 MP: 4/4
   352 | D:1      | Reached XP level 2. HP: 19/19 MP: 4/6
  1177 | D:2      | Noticed Sigmund
  1183 | D:2      | Killed Sigmund
  1184 | D:2      | Reached skill level 6 in Necromancy
  1184 | D:2      | Reached XP level 3. HP: 21/24 MP: 1/7
  1184 | D:2      | Reached XP level 4. HP: 27/30 MP: 1/8
  1184 | D:2      | Reached XP level 5. HP: 31/35 MP: 1/9
  1212 | D:2      | Learned a level 3 spell: Vampiric Draining
  1217 | D:2      | Learned a level 4 spell: Animate Dead
  1353 | D:2      | Noticed Natasha
  1371 | D:2      | Slain by a cerulean imp

Illustrated notes

Levels and vault maps discovered:
D:1:      giann_bridges, layout_loops_corners, minmay_pentomino_x2
D:2:      layout_loops_ring, serial_bayou, serial_bayou_crossing,
          serial_bayou_lagoon_a, serial_bayou_ford_a, serial_bayou_pond_a,
          minmay_surrounded, uniq_natasha, uniq_sigmund

Skill      XL: |  1  2 |
---------------+-------+-----
Spellcasting   | 3 |  3.0
Necromancy     | 6 |  6.7
Dodging        | |  1.5
Stealth        | |  1.5

Action                     |  1- 3 |  4- 6 || total
---------------------------+-------+-------++-------
  Melee: Short sword       |       |    12 ||    12
         Punch             |       |     1 ||     1
   Cast: Necrotise         |    34 |     8 ||    42
    Use: Scroll            |     2 |       ||     2
 Armour: Robe              |     2 |       ||     2
         Leather armour    |     2 |    14 ||    16
  Dodge: Dodged            |     9 |     7 ||    16

Table legend: (Time is in decaauts)
 A = Elapsed time spent in this place.
 B = Non-inter-level travel time spent in this place.
 C = Inter-level travel time spent in this place.
 D = Time resting spent in this place.
 E = Time spent auto-exploring this place.
 F = Levels seen in this place.
 G = Mean time per level.
                   A        B        C        D        E       F      G
               +--------+--------+--------+--------+--------+-----+--------+
         Total |   1372 |   1317 |     55 |      0 |   1101 |   2 |  686.0 |
       Dungeon |   1372 |   1317 |     55 |      0 |   1101 |   2 |  686.0 |
               +--------+--------+--------+--------+--------+-----+--------+

Top non-repeatable levels by time:
     D:1: 1064 daAuts
     D:2: 307 daAuts
